AoeStats
← 扒皮狗

Arena

507947507Analyzed
3v3 RM · 13d ago on Sep 20, 2026· 41m 26s· 6 players
Game mode
Random Map
Map size
Normal (6 player)
Population
200
Speed
Normal
Resources
Standard
Victory
Conquest
Starting age
Dark Age
Ending age
Imperial Age
RankedLock teamsTeams togetherTeam positionsShared explorationLock speedFull tech treeHidden civsTurbo modeCheats
Victory
Defeat
🇪🇸 Khmer · Spain
1451
+14
🇪🇸 Teutons · Spain
1413
+16
🇪🇸 Koreans · Spain
1408
+16
🇨🇳 Franks · China
1523
-20
🇨🇳 Italians · China
1478
-18
🇨🇳 Spanish · China
1213
-8
神明
9:54 Feudal Age
13:45 Castle Age
12:21 Double-Bit Axe
13:58 Loom
16:15 Horse Collar
19:45 Heavy Plow
19:55 Gold Mining
25:24 Caravan
28:27 Imperial Age
29:44 Bow Saw
31:04 Chemistry
30:18 Padded Archer Armor
30:08 Fletching
31:13 Ballistics
32:37 Conscription
32:41 Leather Archer Armor
32:21 Bodkin Arrow
34:09 Crop Rotation
39:07 Ring Archer Armor
38:37 Bracer
38:09 Elite Genoese Crossbowman
42:45 Two-Man Saw
扒皮狗
10:30 Feudal Age
14:09 Castle Age
18:06 Horse Collar
27:30 Gold Mining
28:54 Wheelbarrow
29:41 Loom
35:58 Imperial Age
33:34 Fletching
33:45 Padded Archer Armor
33:33 Double-Bit Axe
34:46 Hand Cart
36:00 Bow Saw
38:34 Conscription
40:05 Chemistry
39:25 Ballistics
39:49 Ballistics
40:24 Bodkin Arrow
40:36 Scale Barding Armor
40:32 Scale Mail Armor
41:22 Bloodlines
40:32 Light Cavalry
41:14 Husbandry
郁离
10:02 Feudal Age
10:54 Double-Bit Axe
13:45 Castle Age
14:46 Bow Saw
15:12 Wheelbarrow
19:36 Loom
21:12 Fletching
40:00 Hand Cart
43:11 Imperial Age
blerasdg
9:58 Feudal Age
12:15 Forging
12:11 Scale Barding Armor
14:34 Bloodlines
23:53 Fletching
29:13 Castle Age
30:40 Chain Barding Armor
30:08 Loom
30:58 Wheelbarrow
37:01 Imperial Age
37:12 Cavalier
38:29 Iron Casting
38:53 Double-Bit Axe
40:09 Plate Barding Armor
41:20 Blast Furnace
40:40 Horse Collar
41:12 Bow Saw
41:44 Hand Cart
41:42 Gold Mining
lusamatusa
7:50 Loom
9:43 Feudal Age
12:31 Castle Age
11:38 Double-Bit Axe
11:46 Loom
21:39 Fortified Wall
25:49 Ballistics
27:36 Bow Saw
33:58 Imperial Age
35:25 Wheelbarrow
35:16 Siege Engineers
39:51 Chemistry
40:04 Heavy Scorpion
royalties
9:47 Feudal Age
14:13 Castle Age
14:01 Double-Bit Axe
13:57 Horse Collar
17:03 Loom
21:49 Fletching
25:00 Elite Skirmisher
25:41 Bodkin Arrow
27:03 Bow Saw
27:33 Wheelbarrow
28:31 Ballistics
32:48 Imperial Age
32:04 Hand Cart
31:47 Gambesons
31:46 Treadmill Crane
32:31 Scale Mail Armor
32:33 Squires
32:19 Arson
33:11 Town Watch
33:48 Chain Mail Armor
35:57 Chemistry
36:17 Plate Mail Armor
35:27 Elite Fire Lancer
37:07 Bracer
39:00 Arrowslits
40:28 Masonry
40:23 Eupseong
Connection lost

Rejoining the realm…

Still unreachable

The connection could not be restored.

Session expired

The server has moved on; the page needs a fresh start.